[ AOE2 MATCH · #504249692 ]
UnrankedWei vs Khmer
Player's team · WIN
Rival team · LOSS
[ REPLAY ANALYSIS · EXTRACTED FROM THE RECORDED GAME ]
Feudal
9:37
Castle
21:33
Imperial
35:35
| APM avg | 60.5 |
| APM peak | 122 |
| eAPM avg | 25.4 |
| Villagers / military | 133 / 23 |
Focus
⚔️ 29.2% · 🌾 70.8%
Unknown (1952) ×45 · Unknown (1944) ×33 · Archer ×14 · Skirmisher ×7 · Unknown (1942) ×6 · Monk ×2
Feudal
8:51
Castle
20:27
Imperial
44:27
| APM avg | 58.0 |
| APM peak | 122 |
| eAPM avg | 24.1 |
| Villagers / military | 116 / 136 |
Focus
⚔️ 34.9% · 🌾 65.1%
Knight ×59 · Scout Cavalry ×32 · Scorpion ×27 · Archer ×13 · Skirmisher ×4 · Monk ×1
Match map
Initial resources + every placement click. Lines = walls · curves = elevation contours. ◆ gold · ⬟ stone · ● berries · ✦ relic · ◌ wall gap
Your base· ✓ Closed at 21:33 · 21t walls · no gate
Skunk77's base· ✓ Closed at 20:27 · 49t walls · no gate
Smoothed initial terrain · ◌ = detected wall gap · hover for details
Inputs per minute
— Maquiavelo - - Skunk77
Build order — Maquiavelo
First 150 of 481 actions detected
| 0:02 | Build | House |
| 0:04 | Build | House |
| 0:07 | Queue | Villager (Male) |
| 0:16 | Queue | Villager (Male) |
| 0:21 | Queue | Villager (Male) |
| 0:26 | Queue | Villager (Male) |
| 1:37 | Queue | Villager (Male) |
| 2:01 | Build | Lumber Camp |
| 2:05 | Queue | Villager (Male) |
| 2:24 | Queue | Villager (Male) |
| 2:51 | Queue | Villager (Male) |
| 3:15 | Queue | Villager (Male) |
| 3:33 | Queue | Villager (Male) |
| 4:04 | Build | Mill |
| 4:10 | Queue | Villager (Male) |
| 4:39 | Queue | Villager (Male) |
| 4:51 | Build | House |
| 4:53 | Research | Loom |
| 5:22 | Queue | Villager (Male) |
| 5:23 | Queue | Villager (Male) |
| 6:01 | Queue | Villager (Male) |
| 6:32 | Queue | Villager (Male) |
| 6:32 | Queue | Villager (Male) |
| 7:26 | Research | Feudal Age |
| 7:33 | Build | Barracks |
| 7:38 | Build | House |
| 8:36 | Build | Mining Camp |
| 9:11 | Build | House |
| 9:26 | Build | Palisade Wall |
| 9:32 | Queue | Villager (Male) |
| 9:37 | Age | Feudal Age |
| 9:39 | Build | Archery Range |
| 9:46 | Queue | Villager (Male) |
| 9:51 | Research | Double-Bit Axe |
| 9:59 | Build | House |
| 10:05 | Queue | Villager (Male) |
| 10:17 | Queue | Villager (Male) |
| 10:23 | Queue | Archer |
| 10:23 | Queue | Archer |
| 10:23 | Queue | Archer |
| 10:38 | Build | Palisade Wall |
| 10:39 | Build | Palisade Wall |
| 10:43 | Queue | Villager (Male) |
| 10:58 | Build | House |
| 11:14 | Queue | Villager (Male) |
| 11:34 | Build | Farm |
| 11:37 | Build | Farm |
| 11:40 | Build | Mill |
| 11:42 | Build | Farm |
| 11:45 | Build | Farm |
| 11:49 | Queue | Villager (Male) |
| 11:58 | Queue | Villager (Male) |
| 12:01 | Build | House |
| 12:02 | Build | House |
| 12:04 | Queue | Archer |
| 12:04 | Queue | Archer |
| 12:06 | Build | House |
| 12:14 | Build | Palisade Wall |
| 12:16 | Build | Palisade Wall |
| 12:20 | Build | Palisade Wall |
| 12:25 | Queue | Villager (Male) |
| 12:34 | Build | Blacksmith |
| 12:35 | Build | House |
| 12:39 | Build | House |
| 12:42 | Build | Blacksmith |
| 12:43 | Queue | Villager (Male) |
| 12:57 | Queue | Villager (Male) |
| 13:01 | Queue | Archer |
| 13:22 | Build | Farm |
| 13:23 | Queue | Villager (Male) |
| 13:26 | Queue | Villager (Male) |
| 13:59 | Build | House |
| 14:06 | Queue | Archer |
| 14:31 | Queue | Skirmisher |
| 14:33 | Research | Fletching |
| 14:40 | Build | Farm |
| 14:43 | Build | Farm |
| 14:49 | Build | Farm |
| 14:59 | Build | Farm |
| 15:00 | Build | Farm |
| 15:40 | Research | Padded Archer Armor |
| 15:40 | Queue | Villager (Male) |
| 15:42 | Build | Farm |
| 15:42 | Build | Farm |
| 15:42 | Build | Farm |
| 15:42 | Build | Farm |
| 15:43 | Build | Farm |
| 15:56 | Queue | Archer |
| 15:56 | Queue | Archer |
| 15:58 | Queue | Villager (Male) |
| 16:25 | Queue | Villager (Male) |
| 16:34 | Queue | Villager (Male) |
| 16:37 | Queue | Archer |
| 17:02 | Queue | Villager (Male) |
| 17:05 | Build | Farm |
| 17:05 | Build | Farm |
| 17:09 | Build | Farm |
| 17:11 | Build | Farm |
| 17:12 | Queue | Villager (Male) |
| 17:16 | Queue | Archer |
| 17:17 | Queue | Villager (Male) |
| 17:21 | Build | House |
| 17:43 | Build | House |
| 18:04 | Queue | Archer |
| 18:53 | Research | Castle Age |
| 19:01 | Build | Stable |
| 19:46 | Queue | Archer |
| 19:46 | Queue | Archer |
| 19:58 | Build | Farm |
| 20:00 | Research | Horse Collar |
| 20:13 | Build | Farm |
| 20:18 | Build | Lumber Camp |
| 21:33 | Age | Castle Age |
| 21:35 | Queue | Villager (Male) |
| 21:38 | Build | Farm |
| 21:40 | Build | Archery Range |
| 21:41 | Queue | Villager (Male) |
| 21:44 | Build | Town Center |
| 21:47 | Research | Bow Saw |
| 22:03 | Queue | Villager (Male) |
| 22:05 | Research | Wheelbarrow |
| 22:08 | Queue | Villager (Male) |
| 22:37 | Build | University |
| 22:44 | Queue | Villager (Male) |
| 22:53 | Queue | Villager (Male) |
| 22:54 | Queue | Villager (Male) |
| 22:54 | Queue | Villager (Male) |
| 23:00 | Queue | Villager (Male) |
| 23:05 | Queue | Villager (Male) |
| 23:09 | Queue | Unit 1952 |
| 23:10 | Queue | Unit 1952 |
| 23:17 | Queue | Villager (Male) |
| 23:21 | Build | House |
| 23:43 | Queue | Unit 1952 |
| 23:43 | Queue | Unit 1952 |
| 23:51 | Build | Gate |
| 23:56 | Build | Stone Wall |
| 23:58 | Queue | Villager (Male) |
| 24:01 | Queue | Villager (Male) |
| 24:03 | Queue | Unit 1952 |
| 24:03 | Queue | Unit 1952 |
| 24:06 | Queue | Villager (Male) |
| 24:10 | Build | Farm |
| 24:11 | Build | Farm |
| 24:11 | Build | Farm |
| 24:23 | Research | Husbandry |
| 24:34 | Research | Ballistics |
| 24:36 | Queue | Villager (Male) |
| 24:37 | Research | Town Watch |
| 25:12 | Research | Bodkin Arrow |
Build order — Skunk77
First 150 of 405 actions detected
| 0:00 | Queue | Villager (Male) |
| 0:00 | Queue | Villager (Male) |
| 0:01 | Queue | Villager (Male) |
| 0:01 | Queue | Villager (Male) |
| 0:02 | Build | House |
| 0:03 | Build | House |
| 1:28 | Queue | Villager (Male) |
| 1:28 | Queue | Villager (Male) |
| 1:46 | Build | Lumber Camp |
| 2:00 | Queue | Villager (Male) |
| 2:00 | Queue | Villager (Male) |
| 2:16 | Queue | Villager (Male) |
| 2:17 | Queue | Villager (Male) |
| 2:49 | Queue | Villager (Male) |
| 2:49 | Queue | Villager (Male) |
| 3:09 | Queue | Villager (Male) |
| 3:09 | Queue | Villager (Male) |
| 3:35 | Queue | Villager (Male) |
| 3:51 | Build | House |
| 3:58 | Queue | Villager (Male) |
| 4:25 | Build | House |
| 4:29 | Queue | Villager (Male) |
| 4:29 | Queue | Villager (Male) |
| 4:39 | Build | Mill |
| 4:59 | Queue | Villager (Male) |
| 5:00 | Queue | Villager (Male) |
| 5:00 | Queue | Villager (Male) |
| 5:00 | Queue | Villager (Male) |
| 5:13 | Research | Loom |
| 6:41 | Research | Feudal Age |
| 6:41 | Research | Feudal Age |
| 7:20 | Build | Mining Camp |
| 7:40 | Queue | Villager (Male) |
| 7:55 | Build | House |
| 8:23 | Build | Palisade Wall |
| 8:51 | Age | Feudal Age |
| 8:53 | Build | Archery Range |
| 8:55 | Research | Double-Bit Axe |
| 9:11 | Queue | Villager (Male) |
| 9:18 | Build | House |
| 9:35 | Build | Palisade Wall |
| 9:37 | Build | Palisade Wall |
| 9:38 | Build | Palisade Wall |
| 9:38 | Build | Palisade Wall |
| 9:39 | Build | Palisade Wall |
| 9:39 | Build | Palisade Wall |
| 9:40 | Build | Palisade Wall |
| 9:41 | Build | Palisade Wall |
| 9:44 | Queue | Villager (Male) |
| 9:44 | Queue | Villager (Male) |
| 9:44 | Queue | Villager (Male) |
| 9:53 | Queue | Archer |
| 9:53 | Queue | Archer |
| 9:53 | Queue | Archer |
| 10:17 | Build | Palisade Wall |
| 10:18 | Build | Palisade Wall |
| 10:25 | Queue | Villager (Male) |
| 10:31 | Build | Blacksmith |
| 10:44 | Queue | Villager (Male) |
| 10:50 | Research | Horse Collar |
| 10:57 | Build | Palisade Wall |
| 10:59 | Queue | Archer |
| 11:03 | Build | Farm |
| 11:09 | Build | Farm |
| 11:25 | Queue | Villager (Male) |
| 11:35 | Research | Fletching |
| 11:38 | Build | Farm |
| 11:44 | Build | House |
| 11:46 | Build | Palisade Wall |
| 11:54 | Build | Palisade Wall |
| 12:00 | Build | Mill |
| 12:13 | Queue | Villager (Male) |
| 12:17 | Build | House |
| 12:29 | Queue | Archer |
| 12:29 | Queue | Archer |
| 12:29 | Queue | Archer |
| 12:34 | Build | House |
| 12:36 | Build | Palisade Wall |
| 12:38 | Queue | Villager (Male) |
| 12:40 | Build | Farm |
| 12:45 | Build | Farm |
| 12:49 | Build | Farm |
| 13:08 | Queue | Villager (Male) |
| 13:21 | Build | Palisade Wall |
| 13:26 | Build | Farm |
| 13:27 | Queue | Villager (Male) |
| 13:37 | Queue | Villager (Male) |
| 13:38 | Queue | Archer |
| 13:38 | Queue | Archer |
| 13:38 | Queue | Archer |
| 13:46 | Build | Farm |
| 13:52 | Build | Farm |
| 13:56 | Build | House |
| 14:06 | Queue | Villager (Male) |
| 14:07 | Queue | Archer |
| 14:26 | Queue | Villager (Male) |
| 14:37 | Build | House |
| 14:41 | Build | Farm |
| 14:41 | Build | Farm |
| 14:53 | Build | House |
| 14:55 | Build | Palisade Wall |
| 15:00 | Build | Palisade Wall |
| 15:07 | Build | House |
| 15:08 | Queue | Villager (Male) |
| 15:36 | Queue | Archer |
| 15:36 | Queue | Archer |
| 15:42 | Queue | Villager (Male) |
| 15:42 | Queue | Villager (Male) |
| 15:42 | Queue | Villager (Male) |
| 15:49 | Queue | Skirmisher |
| 16:17 | Build | Farm |
| 16:18 | Build | Farm |
| 16:25 | Build | Farm |
| 16:45 | Build | Farm |
| 16:46 | Build | Farm |
| 16:50 | Build | House |
| 17:02 | Queue | Villager (Male) |
| 17:06 | Build | Farm |
| 17:20 | Build | House |
| 17:23 | Build | House |
| 17:37 | Build | Farm |
| 17:45 | Build | Palisade Wall |
| 17:47 | Research | Castle Age |
| 17:47 | Research | Castle Age |
| 18:22 | Queue | Villager (Male) |
| 18:26 | Build | Stable |
| 18:29 | Research | Scale Barding Armor |
| 18:34 | Queue | Skirmisher |
| 18:36 | Build | House |
| 18:38 | Build | House |
| 18:59 | Build | House |
| 19:10 | Research | Padded Archer Armor |
| 19:21 | Build | Market |
| 19:37 | Build | Lumber Camp |
| 19:45 | Queue | Skirmisher |
| 19:45 | Queue | Skirmisher |
| 20:03 | Queue | Villager (Male) |
| 20:27 | Age | Castle Age |
| 20:31 | Queue | Knight |
| 20:32 | Queue | Knight |
| 20:41 | Queue | Villager (Male) |
| 20:53 | Queue | Villager (Male) |
| 20:54 | Queue | Villager (Male) |
| 21:03 | Queue | Villager (Male) |
| 21:51 | Queue | Villager (Male) |
| 21:51 | Queue | Villager (Male) |
| 22:28 | Research | Bow Saw |
| 22:38 | Queue | Knight |
| 23:15 | Build | Siege Workshop |
| 23:21 | Research | Bloodlines |
Match timeline
| 7:33 | Maquiavelo · first_building Barracks |
| 8:23 | Skunk77 · wall_segment Palisade Wall x1 |
| 8:51 | Skunk77 · age_up feudal |
| 8:53 | Skunk77 · first_building Archery Range |
| 9:26 | Maquiavelo · wall_segment Palisade Wall x2 |
| 9:35 | Skunk77 · wall_segment Palisade Wall x3 |
| 9:37 | Skunk77 · wall_segment Palisade Wall x2 |
| 9:37 | Maquiavelo · age_up feudal |
| 9:38 | Skunk77 · wall_segment Palisade Wall x1 |
| 9:38 | Skunk77 · wall_segment Palisade Wall x1 |
| 9:39 | Skunk77 · wall_segment Palisade Wall x1 |
| 9:39 | Maquiavelo · first_building Archery Range |
| 9:39 | Skunk77 · wall_segment Palisade Wall x1 |
| 9:40 | Skunk77 · wall_segment Palisade Wall x1 |
| 9:41 | Skunk77 · wall_segment Palisade Wall x1 |
| 10:17 | Skunk77 · wall_segment Palisade Wall x3 |
| 10:18 | Skunk77 · wall_segment Palisade Wall x2 |
| 10:38 | Maquiavelo · wall_segment Palisade Wall x8 |
| 10:39 | Maquiavelo · wall_segment Palisade Wall x1 |
| 10:57 | Skunk77 · wall_segment Palisade Wall x5 |
| 11:46 | Skunk77 · wall_segment Palisade Wall x1 |
| 11:54 | Skunk77 · wall_segment Palisade Wall x7 |
| 12:14 | Maquiavelo · wall_segment Palisade Wall x5 |
| 12:16 | Maquiavelo · wall_segment Palisade Wall x4 |
| 12:20 | Maquiavelo · wall_segment Palisade Wall x1 |
| 12:36 | Skunk77 · wall_segment Palisade Wall x7 |
| 13:21 | Skunk77 · wall_segment Palisade Wall x7 |
| 14:55 | Skunk77 · wall_segment Palisade Wall x5 |
| 15:00 | Skunk77 · wall_segment Palisade Wall x1 |
| 17:45 | Skunk77 · wall_segment Palisade Wall x1 |
| 18:26 | Skunk77 · first_building Stable |
| 19:01 | Maquiavelo · first_building Stable |
| 20:27 | Skunk77 · age_up castle |
| 21:33 | Maquiavelo · age_up castle |
| 23:15 | Skunk77 · first_building Siege Workshop |
| 23:33 | Skunk77 · first_market_sell 100 stone |
| 23:56 | Maquiavelo · wall_segment Stone Wall x1 |
| 27:31 | Skunk77 · first_market_buy 100 food |
| 31:14 | Maquiavelo · first_market_buy 100 food |
| 31:24 | Maquiavelo · first_building Monastery |
| 35:35 | Maquiavelo · age_up imperial |
| 37:06 | Skunk77 · first_building Monastery |
| 39:26 | Maquiavelo · first_building Castle |
| 39:48 | Skunk77 · first_building Castle |
| 41:39 | Maquiavelo · wall_segment Stone Wall x12 |
| 44:27 | Skunk77 · age_up imperial |
| 45:14 | Maquiavelo · first_building Siege Workshop |
| 46:41 | Skunk77 · resign |
[ AI ANALYSIS · 1 CREDIT ]
What really happened in this match?
Wolo.gg analyzes every decision: build order, eco, micro, common mistakes by bracket. Personalized analysis on WhatsApp or Discord in 30 seconds.
Civ guide
Wei
Perfil
Jugador #546475